 Dungeon Crawl Stone Soup version 0.22-a0-362-g535178c (webtiles) character file.

102 Amnesiac the Magician (level 4, -1/32 HPs)
             Began as a Mummy Earth Elementalist on Apr 20, 2018.
             Slain by a hobgoblin
             ... wielding a +0 club
             ... led by Robin
              (9 damage)
             ... on level 3 of the Dungeon.
             The game lasted 00:03:54 (2826 turns).

Amnesiac the Magician (Mummy Earth Elementalist)    Turns: 2826, Time: 00:03:55

Health: -1/32      AC:  2    Str: 11    XL:     4   Next: 49%
Magic:  5/9        EV: 12    Int: 15    God:
Gold:   145        SH:  0    Dex: 12    Spells: 2/9 levels left

rFire    x . .     SeeInvis .   i - +0 dagger (freeze)
rCold    + . .     Gourm    .   (no shield)
rNeg     + + +     Faith    .   c - +0 robe
rPois    ∞         Spirit   .   (no helmet)
rElec    .         Reflect  .   (no cloak)
rCorr    +         Harm     .   (no gloves)
MR       .....                  (no boots)
Stlth    ++........             f - amulet of the acrobat
HPRegen  0.10/turn              g - ring of resist corrosion
MPRegen  0.11/turn              l - ring of flight

@: no status effects
A: no food or potions, fire vulnerability, cold resistance 1, negative energy
resistance 3, torment resistance, unbreathing
a: Evoke Flight


You were on level 3 of the Dungeon.
You were not hungry.

You visited 1 branch of the dungeon, and saw 3 of its levels.

You collected 145 gold pieces.

Inventory:

Hand Weapons
 h - a +0 dagger
 i - a +0 dagger of freezing (weapon)
Missiles
 b - 55 stones (quivered)
Armour
 c - a +0 robe (worn)
 m - a +0 shield
 o - a +0 pair of boots
Jewellery
 f - an amulet of the acrobat (around neck)
 g - a ring of resist corrosion (left hand)
 l - a ring of flight (right hand)
Scrolls
 a - a scroll of magic mapping {!r, unknown}
 d - 2 scrolls of remove curse {!r, unknown}
 e - 3 scrolls of enchant armour {!r, unknown}
 j - a scroll of teleportation {!r, unknown}
 k - a scroll of immolation {!r, unknown}
 n - 2 scrolls of identify {!r, unknown}


   Skills:
 - Level 1.2 Fighting
 - Level 2.3 Dodging
 - Level 1.5 Stealth
 + Level 1.0 Shields
 - Level 3.3 Spellcasting
 - Level 0.7 Transmutations
 - Level 3.2 Earth Magic


You had 2 spell levels left.
You knew the following spells:

 Your Spells              Type           Power        Failure   Level  Hunger
a - Sandblast             Erth           ##....       5%          1    N/A
b - Passwall              Tmut/Erth      #.........   13%         2    N/A
e - Petrify               Tmut/Erth      #.......     65%         4    N/A

Dungeon Overview and Level Annotations

Branches:
Dungeon (3/15)

Altars:
Hepliaklqana
Xom
Zin

Annotations:
D:3 Robin


Innate Abilities, Weirdness & Mutations

You do not eat or drink.
Your flesh is vulnerable to fire.
You are immune to poison.
Your flesh is cold resistant. (rC+)
You are immune to negative energy. (rN+++)
You are immune to unholy pain and torment.
You can survive without breathing.


Message History

The goblin hits you but does no damage.
There are monsters nearby!
There are monsters nearby!
You hit the goblin. You freeze the goblin.
The goblin is severely wounded.
The hobgoblin moves out of view.
The hobgoblin completely misses you. The goblin barely misses you.
Robin roars a battlecry!
The goblins go into a battle-frenzy!
You barely miss the goblin.
The goblin is severely wounded.
The hobgoblin hits you with a club. The goblin barely misses you.
You hit the goblin but do no damage.
The goblin is severely wounded.
The hobgoblin misses you. The goblin hits you with a dagger.
Casting: Sandblast (safe; 5% risk of failure)
Confirm with . or Enter, or press ? or * to list all spells.
Aiming: Sandblast (safe; 5% risk of failure)
Press: ? - help, Shift-Dir - straight line, f - goblin
Aim: a goblin, wielding a dagger (severely wounded, unusually strong)
The blast of sand hits the goblin.
You kill the goblin!
b - 58 stones The hobgoblin closely misses you.
Things that are here:
a dagger; a purple potion {!q}; a goblin corpse Robin throws the goblin at you!
* * * LOW HITPOINT WARNING * * *
You barely miss the goblin. The hobgoblin hits you with a club.
* * * LOW HITPOINT WARNING * * *
The goblin closely misses you.
Casting: Sandblast (safe; 5% risk of failure)
Confirm with . or Enter, or press ? or * to list all spells.
Aiming: Sandblast (safe; 5% risk of failure)
Press: ? - help, Shift-Dir - straight line, f - goblin
Aim: a goblin, wielding a dagger (unusually strong)
The blast of sand hits the goblin.
You kill the goblin!
Your Shields skill increases to level 1!
b - 57 stones The hobgoblin hits you but does no damage.
Robin throws the goblin at you!
* * * LOW HITPOINT WARNING * * *
Casting: Sandblast (safe; 5% risk of failure)
Confirm with . or Enter, or press ? or * to list all spells.
Aiming: Sandblast (safe; 5% risk of failure)
Press: ? - help, Shift-Dir - straight line, f - goblin
Aim: a goblin, wielding a club (unusually strong)
The blast of sand hits the goblin.
You kill the goblin!
b - 56 stones The hobgoblin hits you but does no damage.
Robin throws the goblin at you!
* * * LOW HITPOINT WARNING * * *
Casting: Sandblast (safe; 5% risk of failure)
Confirm with . or Enter, or press ? or * to list all spells.
Aiming: Sandblast (safe; 5% risk of failure)
Press: ? - help, Shift-Dir - straight line, f - goblin
Aim: a goblin, wielding a club (unusually strong)
The blast of sand hits the goblin.
You kill the goblin!
b - 55 stones The hobgoblin hits you with a club!
You die... #....... +...... #..g.. #.bg. ggg

#g# #g# #g# #@#
###############)#
..........!....>#
#
######.#########
## #.# .# #.# .#
#.# .# #%# .##
#[#


You could see Robin, 3 hobgoblins, 4 goblins and a bat.

Vanquished Creatures
  2 adders
  An ooze (D:2)
  2 worms (D:2)
  2 dart slugs
  2 leopard geckos
  3 ball pythons
  3 giant cockroaches
  5 hobgoblins
  3 jackals (D:2)
  5 kobolds
  4 quokkas
  7 bats
  2 frilled lizards
  13 goblins
  11 rats
  A bush (D:2)
66 creatures vanquished.

Notes
Turn   | Place    | Note
-------+----------+-------------------------------------------
     0 | D:1      | Amnesiac the Mummy Earth Elementalist began the quest for the Orb.
     0 | D:1      | Reached XP level 1. HP: 13/13 MP: 4/4
   101 | D:1      | Reached XP level 2. HP: 13/19 MP: 0/5
   160 | D:1      | Learned a level 2 spell: Passwall
   652 | D:1      | Reached XP level 3. HP: 21/25 MP: 2/7
   893 | D:2      | Found a shimmering altar of Xom.
   909 | D:2      | Reached skill level 1 in Fighting
  1409 | D:2      | Found a hazy altar of Hepliaklqana.
  1542 | D:2      | Reached XP level 4. HP: 15/32 MP: 0/8
  1751 | D:2      | Learned a level 4 spell: Petrify
  1844 | D:2      | Found a glowing silver altar of Zin.
  2815 | D:3      | Noticed Robin
  2824 | D:3      | Reached skill level 1 in Shields
  2826 | D:3      | Slain by a hobgoblin

Vault maps used:
D:1:      lightli_arrival_flooded_house
D:2:      marbit_many_paths, lemuel_round_altar, serial_forest,
          infiniplex_forest_lined_3_way, infiniplex_forest_lined_room_2,
          infiniplex_forest_lined_1, infiniplex_forest_end_3,
          infiniplex_forest_end_1, infiniplex_forest_straight_3,
          infiniplex_forest_clump_large, first_ration,
          brannock_xom_greatest_gift
D:3:      overflow_temple_1_default, corexii_shack, uniq_robin

Skill      XL: |  1  2  3  4 |
---------------+-------------+-----
Dodging        | 2 |  2.3
Spellcasting   | 3 |  3.3
Earth Magic    | 3 |  3.2
Fighting       | 1 |  1.2
Shields        | 1 |  1.0
Stealth        | |  1.5
Transmutations | |  0.7

Action                   |  1- 3 |  4- 6 || total
-------------------------+-------+-------++-------
Melee: Unarmed           |    25 |       ||    25
       Dagger            |    57 |   325 ||   382
 Cast: Sandblast         |    45 |    15 ||    60
 Stab: Sleeping          |     1 |     1 ||     2
Armor: Robe              |    14 |    15 ||    29
Dodge: Dodged            |    75 |    76 ||   151

Table legend:
 A = Spawn XP
 B = Non-spawn XP
 C = Spawn XP percentage of total XP
 D = Spawn monster count
 E = Non-spawn monster count
 F = Spawn count percentage of total count
 G = Total turns spent on level
                    A         B        C        D         E        F      G
               +---------+---------+-------+---------+---------+-------+---------
         Total |       0 |     146 |   0.0 |       0 |      65 |   0.0 |  2826
               +---------+---------+-------+---------+---------+-------+---------
           D:1 |       0 |      44 |   0.0 |       0 |      27 |   0.0 |   892
           D:2 |       0 |      65 |   0.0 |       0 |      23 |   0.0 |  1374
           D:3 |       0 |      37 |   0.0 |       0 |      15 |   0.0 |   560
               +---------+---------+-------+---------+---------+-------+---------
